 Dungeon Crawl Stone Soup version 0.28-a0-1182-g381e24db82 (webtiles) character file.

Game seed: 7919829058173390557

722 bearlyready the Spear-Bearer (level 7, -1/45 HPs)
             Began as a Merfolk Gladiator on Dec 16, 2021.
             Was a Follower of Hepliaklqana.
             Slain by a killer bee (5 damage)
             ... on level 5 of the Dungeon.
             The game lasted 00:06:23 (5061 turns).

bearlyready the Spear-Bearer (Merfolk Gladiator)    Turns: 5061, Time: 00:06:24

Health: -1/45      AC:  7    Str: 16    XL:     7   Next: 71%
Magic:  7/7        EV: 12    Int:  7    God:    Hepliaklqana [*.....]
Gold:   232        SH:  0    Dex: 16    Spells: 6/6 levels left

rFire   . . .      SeeInvis .   d - +2 spear (venom)
rCold   . . .      Faith    .   (no shield)
rNeg    . . .      Spirit   .   B - +0 ring mail
rPois   .          Reflect  .   c - +0 helmet
rElec   .          Harm     .   (no cloak)
rCorr   .          Rampage  .   C - +0 pair of gloves
Will    .....                   (no boots)
Stlth   +.........              (no amulet)
HPRegen 0.15/turn               (no ring)
MPRegen 0.10/turn               (no ring)

@: no status effects
A: reduced essence, (nimble swimmer 2), mertail
a: Renounce Religion, Recall Ancestor, Ancestor Identity


You were on level 5 of the Dungeon.
You worshipped Hepliaklqana.
Hepliaklqana was aware of your devotion.
You visited 1 branch of the dungeon, and saw 5 of its levels.
You also visited: Sewer.

You collected 232 gold pieces.

Inventory:

Hand Weapons
 a - a +0 trident
 b - a +0 hunting sling
 d - a +2 spear of venom (weapon)
Missiles
 e - 86 stones
 p - a throwing net (quivered)
 v - a curare-tipped dart
 w - 31 poisoned darts
Armour
 c - a +0 helmet (worn)
 f - a +0 leather armour
 k - a +0 robe of the Archmagi
 B - a +0 ring mail (worn)
 C - a +0 pair of gloves (worn)
Wands
 o - a wand of paralysis (9)
 y - a wand of flame (28)
 A - a wand of iceblast (17)
Scrolls
 g - a scroll of vulnerability
 h - 5 scrolls of teleportation {unknown}
 j - 3 scrolls of identify {unknown}
 m - 2 scrolls of blinking {unknown}
 n - a scroll of immolation
 q - a scroll of enchant weapon {unknown}
 t - 4 scrolls of fog {unknown}
 u - 3 scrolls of enchant armour {unknown}
 D - 2 scrolls of amnesia {unknown}
Potions
 i - 3 potions of curing {unknown}
 l - a potion of degeneration {unknown}
 r - 3 potions of heal wounds
 s - a potion of mutation {unknown}
 x - 2 potions of might {unknown}
 z - a potion of haste {unknown}


   Skills:
 - Level 2.1 Fighting
 + Level 9.5 Polearms
 + Level 4.4 Throwing
 - Level 4.0 Dodging
 + Level 3.8 Evocations


You had 6 spell levels left.
You didn't know any spells.
Your spell library contained the following spells:

 Spells                   Type           Power      Damage    Failure   Level
 Magic Dart               Conj           0%         1d3       65%         1
 Searing Ray              Conj           0%         2d4       80%         2
 Fulminant Prism          Conj/Hex       0%         3d6       100%        4


Dungeon Overview and Level Annotations

Branches:
Dungeon (5/15)              Sewer (visited)
 Temple: D:4-7

Altars:
Ashenzari
Hepliaklqana


Innate Abilities, Weirdness & Mutations

Your life essence is reduced to manifest your ancestor. (-10% HP)
((You are quick and stealthy near water. (Stealth+, EV+, Speed+++)))
Your lower body shifts to a powerful aquatic tail in water.


Message History

The killer bee is severely wounded.
You feel sick. The killer bee completely misses you.
You swap places.
You feel sick.
You kill the killer bee!
The killer bee stings Cipactli.
Cipactli hits the killer bee.
Reach: d) +2 spear (venom)
Press: ? - help, Dir - move target, f - killer bee
Aim: a killer bee (lightly wounded, ally target, about 53% to evade your +2 spear of venom)
You could not reach far enough!
The killer bee stings Cipactli!
Reach: d) +2 spear (venom)
Press: ? - help, Dir - move target, f/p - killer bee
Aim: a killer bee (lightly wounded, ally target, about 53% to evade your +2 spear of venom)
You reach to attack!
You hit the killer bee.
The killer bee is lightly wounded.
You feel sick.
The killer bee stings Cipactli.
Cipactli hits the killer bee.
Reach: d) +2 spear (venom)
Press: ? - help, Dir - move target, f/p - killer bee
Aim: a killer bee (moderately wounded, ally target, about 53% to evade your +2 spear of venom)
You could not reach far enough!
The killer bee stings Cipactli!
The killer bee stings Cipactli.
Cipactli is destroyed!
Reach: d) +2 spear (venom)
Press: ? - help, Dir - move target, f/p - killer bee
Aim: a killer bee (moderately wounded, about 53% to evade your +2 spear of venom)
You reach to attack!
You barely miss the killer bee.
The killer bee is moderately wounded.
You feel sick.
Reach: d) +2 spear (venom)
Press: ? - help, Dir - move target, f/p - killer bee
Aim: a killer bee (moderately wounded, about 53% to evade your +2 spear of venom)
You miss the killer bee.
The killer bee is moderately wounded.
You feel sick.
You feel sick.
You are no longer poisoned.
The killer bee closely misses you. The killer bee stings you.
* * * LOW HITPOINT WARNING * * *
The killer bee stings you but does no damage.
The killer bee stings you.
You die...

#.# ####.# ..#.##
#?...## #.....#
.#.#####....###.#
......†.y.......#
##.#####y#.###### #@#.#
#.#.# ..#.# ####.# #.#
#.# #############.#
#...........#.#
#.#######...#.##########


You could see 2 killer bees.

Vanquished Creatures
  3 kobold brigands (Sewer)
  3 killer bees (D:5)
  A water moccasin skeleton (D:4)
  A hound (D:5)
  A bullfrog zombie (D:5)
  Jessica (D:2)
  Ijyb (D:3)
  An iguana (D:4)
  3 gnolls (D:3)
  6 adders
  2 river rats (Sewer)
  6 worms
  3 dart slugs
  9 ball pythons
  12 endoplasms
  2 giant cockroaches
  6 goblins
  5 hobgoblins
  3 jackals (D:4)
  11 kobolds
  A quokka (D:2)
  8 bats
  6 frilled lizards
  4 rats
  A spectral hobgoblin (D:2)
100 creatures vanquished.

Vanquished Creatures (others)
  An ancestor (D:5)
1 creature vanquished.

Grand Total: 101 creatures vanquished

Notes
Turn   | Place    | Note
-------+----------+-------------------------------------------
     0 | D:1      | bearlyready the Merfolk Gladiator began the quest for the
                  | Orb.
     0 | D:1      | Reached XP level 1. HP: 16/16 MP: 1/1
   175 | D:1      | Reached skill level 5 in Polearms
   243 | D:1      | Reached XP level 2. HP: 19/22 MP: 2/2
   364 | D:1      | You fall into a shaft and drop 1 floor!
   519 | D:2      | Noticed Jessica
   525 | D:2      | Killed Jessica
   526 | D:2      | Reached skill level 6 in Polearms
   526 | D:2      | Reached XP level 3. HP: 10/27 MP: 3/3
   921 | D:2      | Reached XP level 4. HP: 32/33 MP: 4/4
   959 | D:2      | Reached skill level 7 in Polearms
  1313 | D:2      | Found a faded altar of an unknown god.
  2144 | D:3      | Reached XP level 5. HP: 21/38 MP: 5/5
  2357 | D:3      | Reached skill level 1 in Evocations
  2428 | D:3      | Found a glowing drain.
  2447 | Sewer    | Entered a sewer
  2635 | Sewer    | Reached skill level 8 in Polearms
  2769 | Sewer    | Noticed a kobold brigand
  2770 | Sewer    | Noticed a kobold brigand
  2783 | Sewer    | Killed a kobold brigand
  2784 | Sewer    | Reached XP level 6. HP: 17/44 MP: 6/6
  3535 | D:3      | Noticed Ijyb
  3542 | D:3      | Killed Ijyb
  3865 | D:3      | Found a hazy altar of Hepliaklqana.
  4061 | D:3      | Became a worshipper of Hepliaklqana the Forgotten
  4165 | D:4      | Reached XP level 7. HP: 50/50 MP: 7/7
  4225 | D:4      | Reached skill level 9 in Polearms
  4802 | D:5      | Entered Level 5 of the Dungeon
  4962 | D:5      | Found a broken altar of Ashenzari.
  5032 | D:5      | Reached * piety under Hepliaklqana
  5061 | D:5      | Slain by a killer bee

Illustrated notes

Levels and vault maps discovered:
D:1:      giann_horns, layout_rooms
D:2:      minmay_skewed_foursquare, layout_loops_corners,
          dreamdust_ecumenical_altar_drowned_temple, minmay_misc_feat_cross,
          minmay_door_square, uniq_jessica
D:3:      layout_basic, worldfamousw_hep_ancestral_shrine,
          cheibrodos_sewer_entry_sluice, uniq_ijyb
D:4:      layout_basic, chequers_decorated_corner, corexii_hall_statues_l
D:5:      old_forge, layout_loops_corners, ashenzari_altar_1,
          minmay_temple_entry_enclosed_plants, corexii_leaking_fountain,
          serial_park_tiny_2, small_statue_intersection, uniq_crazy_yiuf_cottage

Skill      XL: |  1  2  3  4  5  6  7 |
---------------+----------------------+-----
Polearms       | 5 6 7 8 9 |  9.5
Evocations     | 2 3 |  3.8
Throwing       | 3 4 |  4.4
Fighting       | |  2.1
Dodging        | |  4.0

Action                   |  1- 3 |  4- 6 |  7- 9 || total
-------------------------+-------+-------+-------++-------
Melee: Trident           |    61 |    97 |       ||   158
       Spear             |       |   134 |    87 ||   221
       Tailslap          |       |     4 |       ||     4
Throw: Throwing net      |     1 |     2 |       ||     3
Evoke: Wand              |       |     4 |       ||     4
  Use: Scroll            |       |     2 |       ||     2
       Potion            |       |     1 |       ||     1
 Stab: Sleeping          |     2 |     2 |     1 ||     5
       Held in net/web   |       |     2 |       ||     2
       Distracted        |       |     2 |       ||     2
       Paralysed         |       |     5 |       ||     5
Armor: Leather armour    |    17 |    19 |     5 ||    41
       Ring mail         |       |       |    15 ||    15
Dodge: Dodged            |    39 |    79 |    41 ||   159

Table legend: (Time is in decaauts)
 A = Elapsed time spent in this place.
 B = Non-inter-level travel time spent in this place.
 C = Inter-level travel time spent in this place.
 D = Time resting spent in this place.
 E = Time spent auto-exploring this place.
 F = Levels seen in this place.
 G = Mean time per level.
                   A        B        C        D        E       F      G
               +--------+--------+--------+--------+--------+-----+--------+
         Total |   4940 |   4750 |    190 |    354 |   3596 |   6 |  823.3 |
       Dungeon |   4006 |   3816 |    190 |    354 |   2811 |   5 |  801.2 |
         Sewer |    934 |    934 |      0 |      0 |    785 |   1 |  934.0 |
               +--------+--------+--------+--------+--------+-----+--------+

Top non-repeatable levels by time:
     D:2: 1596 daAuts
     D:3: 1099 daAuts
   Sewer: 934 daAuts
     D:4: 700 daAuts
     D:1: 366 daAuts
     D:5: 243 daAuts
